 Dungeon Crawl Stone Soup version 0.29-a0-1016-g236c7fd91e (webtiles) character file.

Game seed: 13806759317812754324

100 nickcage the Poker (level 4, -1/39 HPs)
             Began as a Minotaur Berserker on Aug 9, 2022.
             Was a Believer of Trog.
             Slain by Grinder (4 damage)
             ... on level 3 of the Dungeon.
             The game lasted 00:03:04 (2191 turns).

nickcage the Poker (Minotaur Berserker)             Turns: 2191, Time: 00:03:04

Health: -1/39      AC:  8    Str: 23    XL:     4   Next: 47%
Magic:  3/3        EV:  7    Int:  4    God:    Trog [**....]
Gold:   138        SH:  0    Dex: 10    Spells: 3/3 levels left

rFire   . . .      SeeInvis .   a - +0 spear
rCold   . . .      Faith    .   (no shield)
rNeg    . . .      Spirit   .   i - +0 scale mail
rPois   .          Reflect  .   (helmet restricted)
rElec   .          Harm     .   h - +0 cloak
rCorr   .          Rampage  .   d - +0 pair of gloves
Will    .....                   (no boots)
Stlth   ..........              (no amulet)
HPRegen 0.13/turn               (no ring)
MPRegen 0.08/turn               (no ring)

@: grasped by roots, constricted
A: horns 2, retaliatory headbutt
a: Renounce Religion, Berserk, Trog's Hand


You were on level 3 of the Dungeon.
You worshipped Trog.
Trog was pleased with you.
You visited 1 branch of the dungeon, and saw 3 of its levels.

You collected 138 gold pieces.

Inventory:

Hand Weapons
 a - a +0 spear (weapon)
Missiles
 q - 8 poisoned darts (quivered)
Armour
 b - a +0 animal skin
 d - a +0 pair of gloves (worn)
 h - a +0 cloak (worn)
 i - a +0 scale mail (worn)
Scrolls
 e - a scroll of teleportation {unknown}
 f - 4 scrolls of identify {unknown}
 g - 2 scrolls of fear {unknown}
 l - a scroll of noise {unknown}
 o - a scroll of acquirement {unknown}
 p - a scroll of poison {unknown}
Potions
 c - a potion of degeneration {unknown}
 j - a potion of might {unknown}
 k - a potion of haste {unknown}
 m - a potion of flight {unknown}
 n - 2 potions of attraction {unknown}
 r - a potion of heal wounds {unknown}


   Skills:
 - Level 3.6 Fighting
 + Level 6.4 Polearms
 - Level 2.4 Armour
 - Level 2.1 Dodging


You had 3 spell levels left.
You didn't know any spells.
Your spell library was empty.

Dungeon Overview and Level Annotations

Branches:
Dungeon (3/15)

Altars:
Kikubaaqudgha

Annotations:
D:3 Grinder


Innate Abilities, Weirdness & Mutations

You have a pair of horns on your head.
You reflexively headbutt those who attack you in melee.


Message History

The grasping roots constrict you.
You escape the roots grasp.
Grinder blinks!
No target in view!
Grinder is nearby!
You reach to attack!
You closely miss Grinder.
You reach to attack!
You barely miss Grinder. Grinder gestures at you.
Pain shoots through your body!
You reach to attack!
You hit Grinder.
Grinder is lightly wounded.
Grinder gestures at you.
You barely resist.
You reach to attack!
You barely miss Grinder.
Grinder is lightly wounded.
Grinder zaps a wand.
The roots erupt in riotous growth!
The grasping roots grab you! The grasping roots constrict you.
You reach to attack!
You closely miss Grinder.
Grinder is lightly wounded.
You reach to attack!
You barely miss Grinder.
Grinder is lightly wounded.
The grasping roots constrict you.
You hit Grinder.
Grinder is lightly wounded.
Grinder completely misses you. The grasping roots constrict you.
You are too injured to fight recklessly!
You are too injured to fight recklessly!
You are too injured to fight recklessly!
You are too injured to fight recklessly!
You are too injured to fight recklessly!
You barely miss Grinder.
Grinder is lightly wounded.
Grinder hits you.
You writhe in agony.
The grasping roots constrict you.
* * * LOW HITPOINT WARNING * * *
You hit Grinder but do no damage.
Grinder is lightly wounded.
Grinder hits you.
* * * LOW HITPOINT WARNING * * *
You writhe in agony.
You die...

#######.##.#.
.............
#######.##.#.
#.###.. #.# ##.
#.# #. #.# #.
######.# #.# #.
#..@5..# #.# #.
#.############.#
#.
#.##...†....†..#
#.
#.##.#####.#.†##
#[ #.##.#
##.###.#####)
#.##.# #.##
##...... #.##.#
##.###.......
#.##.#####.#.....#
#.##.##.......##.#


You could see Grinder.

Vanquished Creatures
  Jessica (D:2)
  2 adders (D:2)
  A dart slug (D:3)
  5 orcs (D:3)
  3 ball pythons
  5 endoplasms
  5 hobgoblins
  3 jackals (D:1)
  3 quokkas
  7 bats
  2 frilled lizards
  4 kobolds
  7 rats
48 creatures vanquished.

Notes
Turn   | Place    | Note
-------+----------+-------------------------------------------
     0 | D:1      | nickcage the Minotaur Berserker began the quest for the
                  | Orb.
     0 | D:1      | Reached XP level 1. HP: 19/19 MP: 0/0
   201 | D:1      | Reached skill level 4 in Polearms
   442 | D:1      | Found a faded altar of an unknown god.
   507 | D:1      | Reached XP level 2. HP: 26/26 MP: 1/1
   931 | D:2      | Noticed Jessica
   949 | D:2      | Killed Jessica
   950 | D:2      | Reached skill level 5 in Polearms
   950 | D:2      | Reached XP level 3. HP: 21/31 MP: 2/2
  1128 | D:2      | Reached ** piety under Trog
  1129 | D:2      | Reached skill level 6 in Polearms
  1129 | D:2      | Reached XP level 4. HP: 39/39 MP: 3/3
  2140 | D:3      | Found an ancient bone altar of Kikubaaqudgha.
  2176 | D:3      | Noticed Grinder
  2191 | D:3      | Slain by Grinder

Illustrated notes

Levels and vault maps discovered:
D:1:      dpeg_arrival_rooms_a, layout_basic, shapermc_ecumenical_altar_petra
D:2:      layout_basic, minmay_tall_x, uniq_jessica
D:3:      layout_loops_ring, mainiacjoe_overflow_alcove_1, uniq_grinder,
          uniq_crazy_yiuf_cottage

Skill      XL: |  1  2  3 |
---------------+----------+-----
Polearms       | 4 5 6 |  6.4
Fighting       | |  3.6
Armour         | |  2.4
Dodging        | |  2.1

Action                   |  1- 3 |  4- 6 || total
-------------------------+-------+-------++-------
Melee: Spear             |    72 |    63 ||   135
       Headbutt          |     7 |     9 ||    16
 Stab: Sleeping          |     1 |       ||     1
Armor: Animal skin       |     5 |       ||     5
       Scale mail        |     9 |     7 ||    16
Dodge: Dodged            |    20 |    23 ||    43

Table legend: (Time is in decaauts)
 A = Elapsed time spent in this place.
 B = Non-inter-level travel time spent in this place.
 C = Inter-level travel time spent in this place.
 D = Time resting spent in this place.
 E = Time spent auto-exploring this place.
 F = Levels seen in this place.
 G = Mean time per level.
                   A        B        C        D        E       F      G
               +--------+--------+--------+--------+--------+-----+--------+
         Total |   2167 |   2106 |     61 |      0 |   1828 |   3 |  722.3 |
       Dungeon |   2167 |   2106 |     61 |      0 |   1828 |   3 |  722.3 |
               +--------+--------+--------+--------+--------+-----+--------+

Top non-repeatable levels by time:
     D:2: 982 daAuts
     D:1: 825 daAuts
     D:3: 359 daAuts
